 Dungeon Crawl Stone Soup version 0.22.1-2-g9c5b331 (webtiles) character file.

184 dvd the Cudgeler (level 5, -3/49 HPs)
             Began as a Troll Warper on Nov 24, 2018.
             Slain by Sigmund
             ... wielding a +0 scythe
              (9 damage)
             ... on level 3 of the Dungeon.
             The game lasted 00:07:17 (1822 turns).

dvd the Cudgeler (Troll Warper)                     Turns: 1822, Time: 00:07:18

Health: -3/49      AC:  5    Str: 19    XL:     5   Next: 36%
Magic:  6/6        EV:  7    Int: 10    God:
Gold:   76         SH:  7    Dex:  9    Spells: 3/7 levels left

rFire    . . .     SeeInvis +   a - +0 mace
rCold    . . .     Gourm    +   k - +0 shield
rNeg     . . .     Faith    .   b - +0 robe
rPois    .         Spirit   .   (helmet restricted)
rElec    .         Reflect  .   (no cloak)
rCorr    .         Harm     .   (gloves unavailable)
MR       .....                  (boots unavailable)
Stlth    +.........             (no amulet)
HPRegen  0.56/turn              o - ring of see invisible
MPRegen  0.10/turn              (no ring)

@: flying
A: large, unfitting armour, claws 3, fast metabolism 3, gourmand, regeneration
1, shaggy fur 1, tough skin 2
a: no special abilities


You were on level 3 of the Dungeon.
You were very full.

You visited 1 branch of the dungeon, and saw 4 of its levels.

You collected 76 gold pieces.

Inventory:

Hand Weapons
 a - a +0 mace (weapon)
Armour
 b - a +0 robe (worn)
 k - a +0 shield (worn)
Jewellery
 o - a ring of see invisible (left claw)
Scrolls
 d - a scroll of blinking
 h - a scroll of random uselessness {unknown}
 i - a scroll of enchant armour {unknown}
 j - a scroll of noise {unknown}
 l - a scroll of identify {unknown}
 p - a scroll of teleportation {unknown}
 r - a scroll of enchant weapon {unknown}
 s - a scroll of fear {unknown}
Potions
 g - a potion of resistance
Comestibles
 f - 4 rations
 q - 7 chunks of flesh


   Skills:
 + Level 2.0 Fighting
 + Level 3.1 Maces & Flails
 + Level 1.0 Throwing
 + Level 2.5 Dodging
 + Level 0.2 Stealth
 * Level 1.0 Shields
 + Level 1.5 Spellcasting
 * Level 2.8 Translocations


You had 3 spell levels left.
You knew the following spells:

 Your Spells              Type           Power        Failure   Level  Hunger
a - Shroud of Golubria    Chrm/Tloc      #.........   83%         2    ###....
b - Blink                 Tloc           N/A          65%         2    ###....

Your spell library contained the following spells:

 Spells                   Type           Power        Failure   Level  Hunger
 Gell's Gravitas          Tloc           #.........   86%         3    ####...
 Lesser Beckoning         Tloc           #.........   86%         3    ####...
 Teleport Other           Tloc           #.......     86%         3    ####...
 Passage of Golubria      Tloc           N/A          99%         4    #####..


Dungeon Overview and Level Annotations

Branches:
Dungeon (4/15)
 Temple: D:4-7

Altars:
Nemelex Xobeh
Yredelemnul

Annotations:
D:3 1 runed door, Sigmund; ThisFiasco's ghost, amateur DsBe


Innate Abilities, Weirdness & Mutations

You are too large for most types of armour.
You have claws for hands.
Your metabolism is lightning-fast.
You like to eat raw meat.
Your natural rate of healing is unusually fast.
You are covered in fur. (AC +1)
You have very tough skin. (AC +2)


Message History

You resist with some effort.
Sigmund hits you from afar with a scythe!
* * * LOW HITPOINT WARNING * * *
Unknown command.
It was a potion of magic.
Magic courses through your body. Sigmund barely misses you.
It was a potion of cancellation.
Your magical effects are unravelling.
You feel magically purged.
You feel less confused.
You feel a little less mighty now.
Your resistance to elements expires.
Unknown command.
It was a potion of flight.
You feel very buoyant.
You fly up into the air.
Sigmund hits you from afar with a scythe.
* * * LOW HITPOINT WARNING * * *
Unknown command.
Sigmund hits you with a scythe!
You die...

######...###### ####)............
######'''########.)÷)#...........
#...>......#####....#####....
#.............##.#### #>...
#.......#####.....# #....
#........#####..#.#######....
######.......#.##.........#..
######............#..##. #######
##@................
.......###@.....>....... .
......................##
......................##
..########÷............##
≈$WWSS+..[..[........#
#######...............
.>...................
..........(.......#..


You could see Sigmund and 2 adders.

Vanquished Creatures
  2 orc priests (D:3)
  4 adders
  2 oozes
  4 dart slugs
  4 worms
  2 leopard geckos
  An orc (D:3)
  A ball python (D:2)
  2 giant cockroaches (D:2)
  3 hobgoblins
  6 jackals (D:3)
  A quokka (D:2)
  A bat (D:1)
  5 frilled lizards
  12 goblins
  5 kobolds
  9 rats
64 creatures vanquished.

Notes
Turn   | Place    | Note
-------+----------+-------------------------------------------
     0 | D:1      | dvd the Troll Warper began the quest for the Orb.
     0 | D:1      | Reached XP level 1. HP: 19/19 MP: 1/1
   114 | D:1      | Reached XP level 2. HP: 23/27 MP: 3/3
   183 | D:1      | Reached skill level 2 in Maces & Flails
   444 | D:1      | Learned a level 2 spell: Shroud of Golubria
   658 | D:2      | Reached XP level 3. HP: 21/35 MP: 4/4
  1096 | D:2      | Reached XP level 4. HP: 42/42 MP: 5/5
  1143 | D:2      | Found a basalt altar of Yredelemnul.
  1238 | D:2      | Learned a level 2 spell: Blink
  1423 | D:3      | Reached skill level 1 in Throwing
  1427 | D:3      | Reached skill level 1 in Shields
  1427 | D:3      | Reached XP level 5. HP: 27/49 MP: 6/6
  1506 | D:3      | Reached skill level 3 in Maces & Flails
  1584 | D:3      | Found a runed door.
  1590 | D:3      | Noticed ThisFiasco's ghost (amateur DsBe)
  1749 | D:3      | Found a sparkling altar of Nemelex Xobeh.
  1776 | D:3      | You fall through a shaft!
  1791 | D:3      | Noticed Sigmund
  1822 | D:3      | Slain by Sigmund

Skill      XL: |  1  2  3  4  5 |
---------------+----------------+-----
Dodging        | 2 |  2.5
Maces & Flails | 2 3 |  3.1
Fighting       | 2 |  2.0
Throwing       | 1 |  1.0
Shields        | 1 |  1.0
Stealth        | |  0.2
Spellcasting   | |  1.5
Translocations | |  2.8

Action                   |  1- 3 |  4- 6 || total
-------------------------+-------+-------++-------
Melee: Mace              |   109 |   148 ||   257
Throw: Tomahawk          |       |     5 ||     5
  Use: Potion            |       |     5 ||     5
  Eat: Chunk             |    16 |     7 ||    23
Armor: Robe              |    41 |    62 ||   103
Dodge: Dodged            |    38 |    58 ||    96
Block: Shield            |    25 |    51 ||    76
